 Dungeon Crawl Stone Soup version 0.30-a0-12-gd8047c6341 (webtiles) character file.

Game seed: 16320977697970549552

60 nickcage the Cudgeller (level 3, -2/31 HPs)
             Began as a Minotaur Abyssal Knight on Aug 23, 2022.
             Was a Priest of Lugonu.
             Slain by Terence
             ... wielding a +0 short sword
              (3 damage)
             ... on level 2 of the Dungeon.
             The game lasted 00:02:23 (1596 turns).

nickcage the Cudgeller (Minotaur Abyssal Knight)    Turns: 1596, Time: 00:02:24

Health: -2/31      AC:  7    Str: 19    XL:     3   Next: 80%
Magic:  3/3        EV:  9    Int:  7    God:    Lugonu [***...]
Gold:   49         SH:  0    Dex: 10    Spells: 2/2 levels left

rFire   . . .      SeeInvis .    a - +1 mace
rCold   . . .      Faith    .    (no shield)
rNeg    . . .      Spirit   .    g - +0 scale mail
rPois   .          Reflect  .    (helmet restricted)
rElec   .          Harm     .    l - +0 cloak
rCorr   .          Rampage  .    (no gloves)
Will    .....                    (no boots)
Stlth   ..........               (no amulet)
HPRegen 0.10/turn                (no ring)
MPRegen 0.08/turn                (no ring)

@: no status effects
A: horns 2, retaliatory headbutt
a: Renounce Religion, Depart the Abyss, Bend Space, Banish


You were on level 2 of the Dungeon.
You worshipped Lugonu.
Lugonu was most pleased with you.
You visited 1 branch of the dungeon, and saw 2 of its levels.
You visited the Abyss 1 time.

You collected 49 gold pieces.

Inventory:

Hand Weapons
 a - a +1 mace (weapon)
Missiles
 k - 8 poisoned darts (quivered)
Armour
 b - a +0 leather armour
 c - a +0 ring mail
 g - a +0 scale mail (worn)
 l - a +0 cloak (worn)
Scrolls
 d - 2 scrolls of poison {unknown}
 e - a scroll of enchant armour {unknown}
 i - 3 scrolls of identify {unknown}
 n - a scroll of fear {unknown}
Potions
 f - 2 potions of mutation {unknown}
 h - a potion of curing {unknown}
 j - a potion of brilliance {unknown}
 m - a potion of attraction {unknown}


   Skills:
 - Level 3.6 Fighting
 + Level 5.1 Maces & Flails
 - Level 2.4 Armour
 - Level 1.1 Dodging
 - Level 1.7 Invocations


You had 2 spell levels left.
You didn't know any spells.
Your spell library was empty.

Dungeon Overview and Level Annotations

Branches:
Dungeon (2/15)

Altars:

Annotations:
D:2 Terence


Innate Abilities, Weirdness & Mutations

You have a pair of horns on your head.
You reflexively headbutt those who attack you in melee.


Message History

The hobgoblin shouts!
Terence hits you with a +0 short sword. x2
You barely miss Terence. You headbutt Terence!
Terence is moderately wounded.
Terence barely misses you. x2; You furiously retaliate!
You headbutt Terence. You hit Terence but do no damage.
Your headbutt misses Terence.
Terence is heavily wounded.
Terence hits you but does no damage.
You hit Terence but do no damage. You headbutt Terence.
Terence is heavily wounded.
Terence hits you with a +0 short sword. Terence barely misses you.
You hit Terence but do no damage.
Terence is heavily wounded.
Terence hits you with a +0 short sword. x2
You barely miss Terence. Your headbutt misses Terence.
Terence is heavily wounded.
Terence barely misses you. Terence hits you with a +0 short sword!
* * * LOW HITPOINT WARNING * * *
You hit Terence. You headbutt Terence.
Terence is severely wounded.
Terence hits you but does no damage.
You hit Terence but do no damage.
Terence is severely wounded.
Terence hits you with a +0 short sword.
* * * LOW HITPOINT WARNING * * *
Terence hits you with a +0 short sword.
* * * LOW HITPOINT WARNING * * *
You closely miss Terence.
Terence is severely wounded.
A bat comes into view.
Terence barely misses you. Terence closely misses you.
The bat moves out of view.
You barely miss Terence.
Terence is severely wounded.
Terence hits you but does no damage.
You barely miss Terence. Your headbutt misses Terence.
Your punch misses Terence.
Terence is severely wounded.
Terence hits you but does no damage. Terence hits you with a +0 short sword.
You die...

## #. # #. ..### #. #....
#. ...... # #.
...g######.## #######.
#g@........ ........
#@#.# ######..
>..####...# # #..
..........##..#.######..
....####...#............
...[......)...##.........
....####..##..#.######.#
....# #..##....#.# #.#
##...# #.†##..#.#.####.#
#....####..##.........#.#


You could see Terence (fast) and 2 hobgoblins.

Vanquished Creatures
  An adder (D:2)
  A dart slug (D:2)
  4 ball pythons
  5 bats
  An endoplasm (D:2)
  5 goblins
  5 hobgoblins (D:1)
  6 jackals
  9 kobolds
  A quokka (D:1)
  A frilled lizard (D:2)
  4 rats
43 creatures vanquished.

Notes
Turn   | Place    | Note
-------+----------+-------------------------------------------
     0 | Abyss:1  | nickcage the Minotaur Abyssal Knight began the quest for
                  | the Orb.
     0 | Abyss:1  | Reached XP level 1. HP: 19/19 MP: 1/1
     1 | D:1      | Escaped the Abyss
   113 | D:1      | Reached skill level 3 in Maces & Flails
   215 | D:1      | Reached XP level 2. HP: 20/26 MP: 2/2
   694 | D:1      | Reached skill level 4 in Maces & Flails
   869 | D:1      | Reached XP level 3. HP: 25/31 MP: 3/3
   998 | D:1      | Found a faded altar of an unknown god.
  1349 | D:2      | Reached *** piety under Lugonu
  1473 | D:2      | Reached skill level 5 in Maces & Flails
  1581 | D:2      | Noticed Terence
  1593 | D:2      | HP: 1/31 [Terence/+0 short sword (2)]
  1596 | D:2      | Slain by Terence

Illustrated notes

Levels and vault maps discovered:
D:1:      eino_arrival_cavern_a, layout_basic, serial_glass, glass_columns_a,
          glass_columns_b, hellmonk_ecumenical_altar_heavens_door,
          minmay_misc_feat_cross
D:2:      layout_basic, serial_bayou_pond_b, uniq_terence

Skill      XL: |  1  2  3 |
---------------+----------+-----
Maces & Flails | 3 4 5 |  5.1
Fighting       | |  3.6
Armour         | |  2.4
Dodging        | |  1.1
Invocations    | |  1.7

Action                   || total
-------------------------++-------
Melee: Mace              ||    93
       Headbutt          ||    10
       Punch             ||     1
Armor: Ring mail         ||    21
       Leather armour    ||     1
       Scale mail        ||    22
Dodge: Dodged            ||    58

Table legend: (Time is in decaauts)
 A = Elapsed time spent in this place.
 B = Non-inter-level travel time spent in this place.
 C = Inter-level travel time spent in this place.
 D = Time resting spent in this place.
 E = Time spent auto-exploring this place.
 F = Levels seen in this place.
 G = Mean time per level.
                   A        B        C        D        E       F      G
               +--------+--------+--------+--------+--------+-----+--------+
         Total |   1617 |   1602 |     15 |      0 |   1321 |   3 |  539.0 |
       Dungeon |   1616 |   1601 |     15 |      0 |   1321 |   2 |  808.0 |
         Abyss |      1 |      1 |      0 |      0 |      0 |   1 |    1.0 |
               +--------+--------+--------+--------+--------+-----+--------+

Top non-repeatable levels by time:
     D:1: 1096 daAuts
     D:2: 520 daAuts
 Abyss:1: 1 daAuts
